 Dungeon Crawl Stone Soup version 0.31-a0-4-gefa6de2278 (webtiles) character file.

Game seed: 10281456339980862919

737 Dittersdorf the Trooper (level 7, -2/44 HPs)
             Began as a Gargoyle Fighter on May 3, 2023.
             Was a Follower of Okawaru.
             Slain by Prince Ribbit (14 damage)
             ... on level 5 of the Dungeon.
             The game lasted 00:06:40 (3576 turns).

Dittersdorf the Trooper (Gargoyle Fighter)          Turns: 3576, Time: 00:06:41

Health: -2/44      AC: 18    Str: 21    XL:     7   Next: 75%
Magic:  5/7        EV:  9    Int:  9    God:    Okawaru [*.....]
Gold:   272        SH:  6    Dex:  9    Spells: 6/6 levels left

rFire   . . .        a - +0 flail
rCold   + . .        c - +0 buckler
rNeg    + . .        g - +0 chain mail
rPois   ∞            i - +0 mask of the Dragon {Will+ Slay+3 SInv}
rElec   +            j - +0 cloak
rCorr   .            (no gloves)
SInv    +            (no boots)
Will    +....        t - amulet of faith Stlth
                     p - ring of protection from cold
HPRegen 0.27/turn    (no ring)
MPRegen 0.10/turn

%: faith
@: heroic
A: sickness immunity, AC +4, negative energy resistance 1, electricity
resistance, torment resistance 1, petrification resistance
a: Renounce Religion, Heroism


You were on level 5 of the Dungeon.
You worshipped Okawaru.
Okawaru was aware of your devotion.
You visited 2 branches of the dungeon, and saw 6 of its levels.
You also visited: Ossuary.

You collected 272 gold pieces.

Inventory:

Hand Weapons
 a - a +0 flail (weapon)
Armour
 c - a +0 buckler (worn)
 g - a +0 chain mail (worn)
 i - the +0 mask of the Dragon (worn) {Will+ Slay+3 SInv}
   (You found it on level 4 of the Dungeon)

   Slay:      It affects your accuracy & damage with ranged weapons and melee
   (+3).
   SInv:      It lets you see invisible.
   Will:      It increases your willpower.
 j - a +0 cloak (worn)
 q - a +0 plate armour
Jewellery
 p - a ring of protection from cold (left hand)
 t - an amulet of faith (around neck)
Scrolls
 b - 2 scrolls of noise {unknown}
 f - 4 scrolls of magic mapping
 m - a scroll of identify
 o - 2 scrolls of vulnerability {unknown}
 u - a scroll of poison
 v - a scroll of enchant armour {unknown}
Potions
 d - a potion of might
 e - a potion of curing
 h - 2 potions of heal wounds {unknown}
 k - 2 potions of haste {unknown}
 l - a potion of ambrosia
 n - a potion of resistance
 s - 4 potions of brilliance


   Skills:
 + Level 5.6(10.6) Fighting
 + Level 4.5(9.5) Maces & Flails
 + Level 5.5(10.5) Armour
 + Level 5.6(10.6) Shields


You had 6 spell levels left.
You didn't know any spells.
Your spell library contained the following spells:

 Spells                   Type           Power      Damage    Failure   Level
 Sandblast                Erth           0%         2d4       93%         1
 Sting                    Tmut/Pois      0%         1d3       93%         1
 Passwall                 Tmut/Erth      0%         N/A       98%         2
 Poisonous Vapours        Pois/Air       0%         N/A       98%         2
 Stone Arrow              Conj/Erth      0%         3d7       100%        3
 Anguish                  Hex/Necr       0%         N/A       100%        4
 Cause Fear               Hex            0%         N/A       100%        4
 Olgreb's Toxic Radiance  Pois           0%         N/A       100%        4
 Enfeeble                 Hex            0%         N/A       100%        7


Dungeon Overview and Level Annotations

Branches:
Dungeon (5/15)             Temple (1/1) D:4         Ossuary (visited)

Altars:
Elyvilon
Fedhas
Gozag
Kikubaaqudgha
Okawaru
Ru
Sif Muna
Trog
Uskayaw
Vehumet
Xom
The Shining One

Annotations:
D:5 Prince Ribbit


Innate Abilities, Weirdness & Mutations

You are immune to sickness and miasma.
Your stone body is resilient. (AC +4)
You are immune to poison.
You resist negative energy. (rN+)
You are resistant to electric shocks. (rElec)
You are resistant to unholy torment.
You are immune to petrification.


Message History

You are too injured to fight recklessly!
You are too injured to fight recklessly!
You are too injured to fight recklessly!
You are too injured to fight recklessly!
You are too injured to fight recklessly!
You are too injured to fight recklessly!
You sock Prince Ribbit!
Prince Ribbit is almost dead.
Prince Ribbit barely misses you. Prince Ribbit hits you!
* * * LOW HITPOINT WARNING * * *
You miss Prince Ribbit.
Prince Ribbit is almost dead.
Prince Ribbit hits you.
* * * LOW HITPOINT WARNING * * *
Prince Ribbit hits you but does no damage.
You closely miss Prince Ribbit.
Prince Ribbit is almost dead.
Prince Ribbit barely misses you.
You barely miss Prince Ribbit.
Prince Ribbit is almost dead.
You block Prince Ribbit's attack.
Prince Ribbit blinks!
Prince Ribbit blinks!
Throw: 2 throwing nets
Press: ? - help, Q - select action, (/) - cycle Shift-Dir - straight line, f - Prince Ribbit
Aim: Prince Ribbit (almost dead, 39% to hit)
You throw a throwing net.
The throwing net closely misses Prince Ribbit.
You block Prince Ribbit's attack.
You barely miss Prince Ribbit.
Prince Ribbit is almost dead.
Prince Ribbit blinks!
Throw: throwing net
Press: ? - help, Q - select action, (/) - cycle Shift-Dir - straight line, f/p - Prince Ribbit
Aim: Prince Ribbit (almost dead, 39% to hit)
You throw a throwing net.
The throwing net completely misses Prince Ribbit.
Prince Ribbit blinks!
You gain the combat prowess of a mighty hero.
Prince Ribbit hits you!
You die...

#......# #......#
#......#
#######.####
#.......#
##########.#######
#....(#....#
#......(####
#...F@§## #.....##
#.....# ##....#
#....# #....#
#.....# >......#
#(#######


You could see Prince Ribbit.

Vanquished Creatures
  Eustachio (D:4)
  A centaur (D:5)
  3 wights (D:4)
  A centaur zombie (Ossuary)
  A human zombie (Ossuary)
  A hound (D:3)
  2 iguanas
  2 mummies (Ossuary)
  3 adders (D:2)
  3 gnolls (D:4)
  A white imp (D:4)
  A worm (D:2)
  4 dart slugs (D:3)
  3 orcs
  7 endoplasms
  5 giant cockroaches
  8 goblins
  9 hobgoblins
  7 jackals (D:1)
  6 quokkas
  3 ball pythons
  5 bats
  4 frilled lizards
  A goblin zombie (Ossuary)
  6 hobgoblin zombies (Ossuary)
  2 jackal zombies (Ossuary)
  8 kobolds
  13 kobold zombies (Ossuary)
  9 orc zombies (Ossuary)
  9 rats
  3 rat zombies (Ossuary)
132 creatures vanquished.

Notes
Turn   | Place    | Note
-------+----------+-------------------------------------------
     0 | D:1      | Dittersdorf the Gargoyle Fighter began the quest for the
                  | Orb.
     0 | D:1      | Reached XP level 1. HP: 14/14 MP: 1/1
     2 | D:1      | Found a runed translucent door.
    65 | D:1      | Found a faded altar of an unknown god.
   124 | D:1      | Reached XP level 2. HP: 19/19 MP: 2/2
   454 | D:1      | Reached XP level 3. HP: 23/23 MP: 3/3
  1008 | D:2      | Reached XP level 4. HP: 26/29 MP: 4/4
  1397 | D:3      | Reached XP level 5. HP: 18/33 MP: 5/5
  1979 | D:4      | Found a staircase to the Ecumenical Temple.
  1987 | Temple   | Entered the Ecumenical Temple
  2010 | Temple   | Became a worshipper of Warmaster Okawaru
  2077 | D:4      | Found the +0 mask of the Dragon {Will+ Slay+3 SInv}
  2080 | D:4      | Found a sand-covered staircase.
  2092 | Ossuary  | Entered an ossuary
  2348 | Ossuary  | Reached XP level 6. HP: 38/39 MP: 6/6
  2676 | D:4      | Found a glowing golden altar of the Shining One.
  2774 | D:4      | Reached * piety under Okawaru
  2775 | D:4      | Reached skill level 5 in Fighting
  2775 | D:4      | Reached skill level 5 in Shields
  2784 | D:4      | Reached skill level 5 in Armour
  2784 | D:4      | Reached XP level 7. HP: 7/44 MP: 7/7
  3320 | D:5      | Entered Level 5 of the Dungeon
  3320 | D:5      | Noticed Eustachio
  3343 | D:4      | Killed Eustachio
  3547 | D:5      | Noticed Prince Ribbit
  3576 | D:5      | Slain by Prince Ribbit

Illustrated notes

Levels and vault maps discovered:
D:1:      dpeg_arrival_caged_fury, layout_loops_cross,
          hellmonk_ecumenical_altar_run_dry, ebering_dispersal_statue_hall,
          serial_park_tiny_pond
D:2:      layout_rooms
D:3:      layout_rooms, grunt_ministairs_8
D:4:      layout_basic, nicolae_overflow_crystal_walls,
          minmay_temple_entry_gardened_gates, enter_ossuary_3
D:5:      layout_basic, uniq_eustachio, uniq_pikel, uniq_prince_ribbit1
Temple:   mainiacjoe_temple_coin_purse

Skill      XL: |  1  2  3  4  5  6 |
---------------+-------------------+-----
Shields        | 4 5 |  5.6
Fighting       | 4 5 |  5.6
Armour         | 4 5 |  5.5
Maces & Flails | 3 4 |  4.5

Action                     |  1- 3 |  4- 6 |  7- 9 || total
---------------------------+-------+-------+-------++-------
  Melee: Flail             |   123 |   260 |    80 ||   463
  Throw: Throwing net      |       |       |     2 ||     2
 Invoke: Heroism           |       |       |     2 ||     2
    Use: Scroll            |       |    11 |       ||    11
 Armour: Scale mail        |    18 |       |       ||    18
         Chain mail        |    67 |   156 |    43 ||   266
  Dodge: Dodged            |    50 |    94 |    30 ||   174
  Block: Buckler           |    24 |    60 |    20 ||   104

Table legend: (Time is in decaauts)
 A = Elapsed time spent in this place.
 B = Non-inter-level travel time spent in this place.
 C = Inter-level travel time spent in this place.
 D = Time resting spent in this place.
 E = Time spent auto-exploring this place.
 F = Levels seen in this place.
 G = Mean time per level.
                   A        B        C        D        E       F      G
               +--------+--------+--------+--------+--------+-----+--------+
         Total |   3703 |   3530 |    173 |    123 |   2244 |   7 |  529.0 |
       Dungeon |   3344 |   3180 |    164 |    123 |   2099 |   5 |  668.8 |
        Temple |     33 |     24 |      9 |      0 |      0 |   1 |   33.0 |
       Ossuary |    325 |    325 |      0 |      0 |    145 |   1 |  325.0 |
               +--------+--------+--------+--------+--------+-----+--------+

Top non-repeatable levels by time:
     D:4: 1017 daAuts
     D:1: 867 daAuts
     D:3: 699 daAuts
     D:2: 523 daAuts
 Ossuary: 325 daAuts
     D:5: 236 daAuts
  Temple: 33 daAuts
